 Dungeon Crawl Stone Soup version 0.18.1-48-g4cf74bf (webtiles) character file.

79816 Graywind the Spry (level 15, -10/119 HPs)
             Began as a Merfolk Gladiator on July 14, 2016.
             Was the Champion of Okawaru.
             Killed by divine providence
             ... invoked by a smoke demon
             ... summoned by an orc sorcerer
              (12 damage)
             ... on level 2 of the Orcish Mines on July 15, 2016.
             The game lasted 02:23:56 (16295 turns).

Graywind the Spry (Merfolk Gladiator)              Turns: 16295, Time: 02:23:57

Health: -10/119    AC: 27    Str: 26    XL:     15   Next: 64%
Magic:  17/17      EV: 34    Int:  8    God:    Okawaru [******]
Gold:   1422       SH: 15    Dex: 20    Spells: 0 memorised, 14 levels left

rFire  + . .     SeeInvis .     E - +12 mace of the Realm of Zot {flame, rF+}
rCold  + . .     Gourm    .     s - +6 scale mail "Houng" {Slay+2}
rNeg   . . .     Faith    .     j - +0 shield
rPois  .         Spirit   .     c - +2 helmet
rElec  .         Dismiss  .     k - +0 cloak
rCorr  .         Reflect  .     y - +0 pair of gloves {archery}
SustAt .         Harm     .     o - +2 pair of boots {run}
MR     +....     Clarity  +     (no amulet)
Stlth  +++.......               M - ring of the Forsaken Ships {rC+ Str+3}
                                W - +3 ring of evasion

@: agile, studying Dodging, quick, somewhat resistant to hostile enchantments,
fairly stealthy
A: change form in water, swift swim, iridescent scales 1, clarity, strong 1
a: Heroism, Finesse, Renounce Religion


You were on level 2 of the Orcish Mines.
You worshipped Okawaru.
Okawaru was exalted by your worship.
You were hungry.

You visited 3 branches of the dungeon, and saw 22 of its levels.
You visited the Abyss 1 time.
You also visited: Sewer, Ossuary and Ice Cave.

You collected 1591 gold pieces.
You spent 169 gold pieces at shops.

Inventory:

Hand Weapons
 e - the +5 bardiche of Aherak {antimagic, *Rage rElec MR+ Str+2}
   (Okawaru gifted it to you on level 7 of the Lair of Beasts)

   It disrupts the flow of magical energy around spellcasters and certain
   magical creatures (including the wielder).
   It affects your strength (+2).
   It insulates you from electricity.
   It affects your resistance to hostile enchantments.
   It may make you go berserk in combat.
 E - the +12 mace of the Realm of Zot (weapon) {flame, rF+}
   (You found it on level 7 of the Dungeon)

   It has been specially enchanted to burn those struck by it, causing extra
   injury to most foes and up to half again as much damage against particularly
   susceptible opponents.
   It protects you from fire.
Missiles
 b - 25 tomahawks
 d - 4 throwing nets (quivered)
 t - 7 poisoned javelins
 G - 6 javelins
 T - 6 steel tomahawks
Armour
 c - a +2 helmet (worn)
 j - a +0 shield (worn)
 k - a +0 cloak (worn)
 o - a +2 pair of boots of running (worn)
 s - the +6 scale mail "Houng" (worn) {Slay+2}
   (You found it on level 6 of the Dungeon)

   It affects your accuracy and damage with ranged weapons and melee attacks
   (+2).
 w - a +2 robe of resistance
 y - a +0 pair of gloves of archery (worn)
 U - a +0 troll leather armour {Snorg}
Jewellery
 n - an uncursed ring of protection from magic
 M - the ring of the Forsaken Ships (right hand) {rC+ Str+3}
   (You acquired it on level 9 of the Dungeon)

   [ring of strength]

   It affects your strength (+3).
   It protects you from cold.
 W - a +3 ring of evasion (left hand)
Wands
 h - a wand of iceblast (11/15)
 i - a wand of digging (3/24)
 p - a wand of heal wounds (3/9)
 z - a wand of digging (3/24)
 D - a wand of lightning (0/15)
 F - a wand of acid (1/15)
 K - a wand of iceblast (6/15)
 N - a wand of slowing (24/48)
 S - a wand of lightning (8/15)
 V - a wand of lightning (8/15)
 Z - a wand of acid (7/15)
Scrolls
 m - 4 scrolls of teleportation
 q - 2 scrolls of fog
 r - 6 scrolls of remove curse
 v - 2 scrolls of blinking
 x - 2 scrolls of fear
 H - 3 scrolls of enchant weapon
 I - a scroll of magic mapping
 P - a scroll of enchant armour
 R - 3 scrolls of recharging
 X - 2 scrolls of acquirement
Potions
 A - 2 potions of magic
 B - a potion of cancellation
 C - 3 potions of flight
 J - a potion of haste
 L - 2 potions of brilliance
Books
 O - a manual of Dodging
Miscellaneous
 Y - a phial of floods (inert)
Comestibles
 a - 10 royal jellies
 f - 8 bread rations
 g - 5 meat rations
 l - 10 fruits


   Skills:
 + Level 11.5 Fighting
 + Level 9.2 Maces & Flails
 + Level 10.0 Polearms
 + Level 3.1 Throwing
 + Level 7.2 Armour
 + Level 19.0 Dodging
 + Level 3.2 Stealth
 + Level 14.0 Shields
 + Level 3.2 Invocations
 + Level 2.8 Evocations


You had 14 spell levels left.
You didn't know any spells.

Dungeon Overview and Level Annotations

Branches:
Dungeon (12/15)              Lair (8/8) D:10         Shoals (0/4) Lair:3
 Spider (0/4) Lair:3        Slime (0/6) Lair:6          Orc (2/2) D:12
 Temple: D:4-7          Elf: Orc:2

Altars:
Cheibriados
Dithmenos
Elyvilon
Fedhas
Gozag
Makhleb
Nemelex Xobeh
Okawaru
Trog
Vehumet
Yredelemnul
Beogh
Jiyva

Shops:
D:5 [?*=%   D:10 =

Portals:
Hell: Lair:8


Innate Abilities, Weirdness & Mutations

You revert to your normal form in water.
You are very nimble and swift while swimming.
You are partially covered in iridescent scales (AC +4).
You possess an exceptional clarity of mind.
Your muscles are strong. (Str +2)


Message History

You block the orc warrior's attack.
The orc sorcerer casts a spell.
Things that are here:
a dagger; a robe; an orc corpse Your shield and scale mail "Houng" prevent you from hitting the orc warlord.
The orc warlord is almost dead.
You block the orc warlord's attack.
The orc sorcerer casts a spell.
The ynoxinul gestures.
You see here a runed hat {god gift}.
Drink which item? (? for menu, Esc to quit)
It was a potion of agility.
You feel agile all of a sudden. The smoke demon gestures at you.
Something smites you!
* * * LOW HITPOINT WARNING * * *
The orc warrior barely misses you. You block the orc warlord's attack.
The smoke demon gestures at you. Something smites you!
You die...

.....###..#
..)..##...#
...[..#..#
.........# ##
........#####.#
........)).45#####
....().))#)53.o#.##
....(.o.).#o3oo[..#
#...)[#..####...@.#
#.....#.## ##.....#
#8...8### #....##
#...4.# #...##
#.....# ##.##
....... #.# .......
... ...o.... #.


You could see an orc warlord, a sixfirhy, a smoke demon, a ynoxinul, an orc
sorcerer, 2 orc warriors and 2 ufetubi.

Vanquished Creatures
  Rupert (Lair:7)
  2 tentacled starspawn (Abyss:2)
  The ghost of Schimscham the Basher, a journeyman MiFi of Okawaru (Orc:2)
  A dire elephant (Lair:8)
  The ghost of osmosisch the Geomancer, a journeyman DDEE of Okawaru (D:11)
  Snorg (D:10)
  Harold (D:11)
  11 hydras
  Erica (D:10)
  10 death yaks (Lair:7)
  An orc high priest (Orc:2)
  A wretched star (Abyss:2)
  A sea snake (Lair:3)
  An unseen horror (Abyss:2)
  A death drake (Abyss:2)
  A wizard (Lair:8)
  An orc knight (Orc:2)
  2 hill giants
  2 griffons (Lair:8)
  A cyclops (D:11)
  An ugly thing (D:11)
  3 orc sorcerers (Orc:2)
  10 elephants
  3 sixfirhies
  5 black mambas
  A torpor snail (Lair:8)
  2 centaur zombies
  A smoke demon (Lair:8)
  9 spiny frogs
  2 ice statues (IceCv)
  A gargoyle (D:10)
  2 rime drakes
  3 orange demons (Lair:8)
  11 komodo dragons
  17 ice devils
  2 red devils
  A hellwing (Lair:8)
  2 trolls
  A queen bee (Lair:7)
  A two-headed ogre (D:11)
  6 raiju (Abyss:2)
  12 blink frogs
  A shadow (D:12)
  2 redbacks (Lair:3)
  3 ynoxinuls (Abyss:2)
  56 yaks
  2 wyverns
  A large abomination (Abyss:2)
  A basilisk (Lair:7)
  A neqoxec (Lair:7)
  A steam dragon (Lair:8)
  10 hippogriffs
  A hungry ghost (D:8)
  2 small abominations (Abyss:2)
  2 mottled dragons (Lair:8)
  20 water moccasins
  15 porcupines
  2 hell hounds (Lair:8)
  13 orc warriors
  5 ice beasts
  7 black bears
  8 ogres
  3 phantoms
  3 sky beasts (D:10)
  A swamp drake (Lair:8)
  2 starcursed masses (Lair:8)
  15 wolves
  3 centaurs
  17 crocodiles
  Blork the orc (Orc:2)
  8 giant frogs
  An elf zombie (Ossuary)
  2 scorpions (D:7)
  33 killer bees
  2 howler monkeys
  3 crimson imps
  A quasit (D:8)
  10 orc priests
  4 hounds
  A jelly (D:10)
  2 giant frog skeletons
  7 iguanas
  An iron imp (Abyss:2)
  15 orc wizards
  6 worker ants
  12 sheep (Lair:4)
  A hound zombie (D:5)
  4 mummies (Ossuary)
  A hound skeleton (D:9)
  A howler monkey zombie (D:10)
  Robin (D:4)
  13 adders
  3 gnolls (D:5)
  61 river rats
  2 shadow imps
  7 white imps (IceCv)
  6 ufetubi (IceCv)
  An ooze (D:2)
  3 adder skeletons
  3 worms
  2 dart slugs
  5 giant geckos
  59 orcs
  3 bats
  14 giant cockroaches
  2 gnoll zombies (Ossuary)
  17 goblins
  10 hobgoblins
  14 jackals
  5 kobolds
  4 quokkas
  7 ball pythons
  8 giant newts
  2 goblin zombies (Ossuary)
  3 hobgoblin zombies (Ossuary)
  A kobold zombie (Ossuary)
  An orc zombie (Ossuary)
  A quokka skeleton (D:6)
  A quokka zombie (D:8)
  6 rats
  2 rat zombies (Ossuary)
718 creatures vanquished.

Vanquished Creatures (collateral kills)
  A wolf (Lair:7)
  A river rat (Lair:7)
2 creatures vanquished.

Vanquished Creatures (others)
  A white imp (IceCv)
  3 ufetubi (IceCv)
  An orc (Orc:2)
  12 fungi
  5 plants
  11 starspawn tentacles (Abyss:2)
  98 starspawn tentacle segments (Abyss:2)
131 creatures vanquished.

Grand Total: 851 creatures vanquished

Notes
Turn   | Place    | Note
--------------------------------------------------------------
     0 | D:1      | Graywind the Merfolk Gladiator began the quest for the Orb.
     0 | D:1      | Reached XP level 1. HP: 16/16 MP: 1/1
    20 | D:1      | Reached XP level 2. HP: 22/22 MP: 2/2
   133 | D:1      | Reached skill level 5 in Polearms
   204 | D:1      | Reached XP level 3. HP: 22/27 MP: 3/3
   441 | D:2      | Found a basalt altar of Yredelemnul.
   507 | D:2      | Reached XP level 4. HP: 27/34 MP: 4/4
   681 | D:2      | Reached skill level 5 in Dodging
   720 | D:2      | Reached skill level 1 in Shields
   836 | D:2      | Reached XP level 5. HP: 37/39 MP: 5/5
   972 | D:3      | Gained mutation: You are partially covered in iridescent scales (AC +4). [potion of mutation]
   972 | D:3      | Gained mutation: You possess an exceptional clarity of mind. [potion of mutation]
   972 | D:3      | Gained mutation: Your muscles are strong. (Str +2) [potion of mutation]
  1163 | D:4      | Reached skill level 1 in Stealth
  1164 | D:4      | Noticed Robin
  1380 | D:4      | Reached skill level 1 in Armour
  1416 | D:4      | Killed Robin
  1416 | D:4      | Reached XP level 6. HP: 46/46 MP: 6/6
  1570 | D:4      | Noticed a phantom
  1611 | D:4      | Killed a phantom
  1789 | D:4      | Found an iron altar of Okawaru.
  1797 | D:4      | Became a worshipper of Warmaster Okawaru
  1873 | D:5      | Entered Level 5 of the Dungeon
  1878 | D:5      | Reached XP level 7. HP: 51/52 MP: 7/7
  1934 | D:5      | Found a shadowy altar of Dithmenos.
  1934 | D:5      | Found a radiant altar of Vehumet.
  1943 | D:5      | Found Velel's Magic Scroll Shop.
  1950 | D:5      | Bought a scroll of teleportation for 45 gold pieces
  1963 | D:5      | Found Amurphon's Armour Shop.
  1986 | D:5      | Found a white marble altar of Elyvilon.
  2018 | D:5      | Found a glowing drain.
  2043 | Sewer    | Entered a sewer
  2134 | Sewer    | Reached * piety under Okawaru
  2424 | D:5      | Found a blossoming altar of Fedhas.
  2508 | D:5      | Found Sonn's Assorted Antiques.
  2513 | D:5      | Bought a shiny ring mail for 124 gold pieces
  2577 | D:5      | Reached XP level 8. HP: 60/60 MP: 8/8
  2591 | D:5      | Found Zeriam's Jewellery Shoppe.
  2613 | D:5      | Reached ** piety under Okawaru
  2645 | D:5      | Found Guify's Food Shop.
  2937 | D:6      | Found a snail-covered altar of Cheibriados.
  2943 | D:6      | Found an opulent altar of Gozag.
  2949 | D:6      | Got a pitted scale mail
  2961 | D:6      | Identified the +6 scale mail "Houng" {Slay+2} (You found it on level 6 of the Dungeon)
  3044 | D:6      | Reached skill level 6 in Dodging
  3086 | D:6      | Reached skill level 5 in Fighting
  3344 | D:7      | Got a fine mace
  3356 | D:7      | Identified the +12 mace of the Realm of Zot {flame, rF+} (You found it on level 7 of the Dungeon)
  3514 | D:7      | Found a sparkling altar of Nemelex Xobeh.
  3528 | D:7      | Reached skill level 5 in Shields
  3528 | D:7      | Reached XP level 9. HP: 68/68 MP: 9/9
  3717 | D:7      | Reached *** piety under Okawaru
  3922 | D:8      | Reached skill level 10 in Polearms
  3989 | D:8      | Reached skill level 1 in Maces & Flails
  3989 | D:8      | Reached skill level 7 in Dodging
  4047 | D:8      | Found a sand-covered staircase.
  4054 | Ossuary  | Entered an ossuary
  4281 | D:8      | Found a burning altar of Makhleb.
  4443 | D:9      | Reached **** piety under Okawaru
  4548 | D:9      | Reached skill level 8 in Dodging
  4560 | D:9      | Reached XP level 10. HP: 72/77 MP: 10/10
  4611 | D:9      | Found a bloodstained altar of Trog.
  4635 | D:9      | Identified a scroll of acquirement
  4636 | D:9      | Got a vibrating amber ring
  4638 | D:9      | Identified the ring of the Forsaken Ships {rC+ Str+3} (You acquired it on level 9 of the Dungeon)
  4715 | D:9      | Reached skill level 9 in Dodging
  4911 | D:10     | Entered Level 10 of the Dungeon
  4932 | D:10     | Found a staircase to the Lair.
  4934 | D:10     | Found Xakh's Jewellery Shoppe.
  4936 | D:10     | Reached ***** piety under Okawaru
  4990 | D:10     | Noticed Erica
  5004 | D:10     | Killed Erica
  5038 | D:10     | Reached skill level 10 in Dodging
  5097 | D:10     | Noticed Snorg
  5131 | D:10     | Noticed a gargoyle
  5148 | D:10     | Killed Snorg
  5158 | D:10     | Killed a gargoyle
  5158 | D:10     | Reached XP level 11. HP: 54/84 MP: 11/11
  5330 | Lair:1   | Entered Level 1 of the Lair of Beasts
  5368 | Lair:1   | Received a gift from Okawaru
  5375 | Lair:1   | Got a bone bardiche {god gift}
  5381 | Lair:1   | Identified the +0 bardiche of Dismay {flame, Dex+3} (Okawaru gifted it to you on level 1 of the Lair of Beasts)
  5400 | Lair:1   | Noticed an eight-headed hydra
  5412 | Lair:1   | Noticed a five-headed hydra
  5415 | Lair:1   | Killed an eight-headed hydra
  5415 | Lair:1   | Reached skill level 11 in Dodging
  5429 | Lair:1   | Killed a five-headed hydra
  5508 | Lair:1   | Found a frozen archway.
  5525 | IceCv    | Entered an ice cave
  6367 | IceCv    | Reached skill level 1 in Evocations
  6375 | IceCv    | Reached XP level 12. HP: 60/94 MP: 12/12
  6555 | IceCv    | Got a steaming demon blade
  6561 | IceCv    | Reached skill level 12 in Dodging
  6563 | IceCv    | Identified the cursed +0 demon blade of Outrage {elec, +Blink Str+4 Dex+4} (You found it in an ice cave)
  6937 | Lair:1   | Reached skill level 10 in Shields
  6939 | Lair:1   | Reached skill level 5 in Maces & Flails
  6959 | Lair:1   | Received a gift from Okawaru
  6963 | Lair:1   | Reached skill level 5 in Armour
  7013 | Lair:1   | Noticed a four-headed hydra
  7027 | Lair:1   | Killed a four-headed hydra
  7298 | Lair:1   | Reached ****** piety under Okawaru
  8073 | Lair:2   | Reached skill level 13 in Dodging
  8273 | Lair:3   | Received a gift from Okawaru
  8290 | Lair:3   | Identified a +0 pair of boots of running (Okawaru gifted it to you on level 3 of the Lair of Beasts)
  8296 | Lair:3   | Noticed an eight-headed hydra
  8307 | Lair:3   | Killed an eight-headed hydra
  8555 | Lair:3   | Found a staircase to the Shoals.
  8585 | Lair:3   | Found a hole to the Spider Nest.
  8734 | Lair:3   | Reached XP level 13. HP: 89/101 MP: 13/13
  9498 | Lair:5   | Reached skill level 14 in Dodging
  9997 | Lair:6   | Found a viscous altar of Jiyva.
  9998 | Lair:6   | Found a staircase to the Slime Pits.
 10278 | Lair:6   | Reached skill level 10 in Fighting
 10451 | Lair:7   | Reached skill level 15 in Dodging
 10599 | Lair:7   | Found a snail-covered altar of Cheibriados.
 10633 | Lair:7   | Noticed Rupert
 10643 | Lair:7   | Reached skill level 1 in Invocations
 10667 | Lair:7   | Killed Rupert
 11163 | Lair:7   | Reached XP level 14. HP: 111/111 MP: 13/15
 11179 | Lair:7   | Received a gift from Okawaru
 11190 | Lair:7   | Got a slimy bardiche {god gift}
 11196 | Lair:7   | Identified the +5 bardiche of Aherak {antimagic, *Rage rElec MR+ Str+2} (Okawaru gifted it to you on level 7 of the Lair of Beasts)
 11361 | Lair:7   | Reached skill level 16 in Dodging
 11782 | Lair:7   | Received a gift from Okawaru
 11783 | Lair:7   | Got a steaming scimitar {god gift}
 11808 | Lair:7   | Identified the +3 scimitar "Fuloly" {slice, +Fly rN+ Stlth+} (Okawaru gifted it to you on level 7 of the Lair of Beasts)
 11975 | Lair:8   | Entered Level 8 of the Lair of Beasts
 12109 | Lair:8   | Reached skill level 17 in Dodging
 12549 | Lair:8   | Noticed a dire elephant
 12564 | Lair:8   | Killed a dire elephant
 12564 | Lair:8   | Received a gift from Okawaru
 12815 | Lair:8   | Cast into level 2 of the Abyss (a wizard)
 12865 | Abyss:2  | Noticed a tentacled starspawn
 12879 | Abyss:2  | Killed a tentacled starspawn
 12920 | Abyss:2  | Found a corrupted altar of Lugonu.
 13050 | Abyss:2  | Noticed a tentacled starspawn
 13058 | Abyss:2  | HP: 5/111 [poisoned by a death drake (dark miasma)]
 13067 | Abyss:2  | Noticed a starcursed mass
 13100 | Abyss:2  | Found a corrupted altar of Lugonu.
 13332 | Abyss:2  | Noticed a red very ugly thing
 13348 | Abyss:2  | Received a gift from Okawaru
 13398 | Abyss:2  | Noticed a green draconian caller
 13417 | Abyss:2  | Noticed a tentacled starspawn
 13420 | Abyss:2  | Noticed a tentacled starspawn
 13431 | Abyss:2  | Noticed a starcursed mass
 13444 | Abyss:2  | Killed a tentacled starspawn
 13444 | Abyss:2  | Reached skill level 18 in Dodging
 13445 | Abyss:2  | Reached XP level 15. HP: 70/118 MP: 5/15
 13468 | Lair:8   | Escaped the Abyss
 13720 | Lair:8   | Found a burning altar of Makhleb.
 14062 | Lair:8   | Found a gateway to Hell.
 14904 | D:11     | Noticed osmosisch's ghost (journeyman DDEE)
 14923 | D:11     | Killed osmosisch's ghost
 15002 | D:11     | Noticed Harold
 15016 | D:11     | Killed Harold
 15072 | D:12     | Found a staircase to the Orcish Mines.
 15099 | Orc:1    | Entered Level 1 of the Orcish Mines
 15217 | Orc:1    | Found a roughly hewn altar of Beogh.
 15433 | Orc:2    | Entered Level 2 of the Orcish Mines
 15957 | Orc:2    | Noticed Schimscham's ghost (journeyman MiFi)
 15979 | Orc:2    | Killed Schimscham's ghost
 16015 | Orc:2    | Noticed Blork the orc
 16053 | Orc:2    | Killed Blork the orc
 16061 | Orc:2    | Reached skill level 19 in Dodging
 16243 | Orc:2    | Noticed an orc warlord
 16290 | Orc:2    | Received a gift from Okawaru
 16294 | Orc:2    | HP: 2/119 [smoke demon/divine providence[an orc sorcerer] (7)]
 16295 | Orc:2    | Killed from afar by a smoke demon

Skill      XL: |  1  2  3  4  5  6  7  8  9 10 11 12 13 14 15 |
---------------+----------------------------------------------+-----
Polearms       | 5 6 7 8 9 10 | 10.0
Dodging        | 5 6 8 10 11 13 15 18 19 | 19.0
Shields        | 1 2 4 5 6 8 9 11 12 13 14 | 14.0
Stealth        | 1 2 3 |  3.2
Armour         | 1 2 3 4 5 6 7 |  7.2
Fighting       | 3 4 5 6 7 8 9 10 11 | 11.5
Maces & Flails | 2 3 4 6 7 8 9 |  9.2
Throwing       | 3 |  3.1
Evocations     | 1 2 |  2.8
Invocations    | 1 2 3 |  3.2

Action                   |  1- 3 |  4- 6 |  7- 9 | 10-12 | 13-15 || total
-------------------------+-------+-------+-------+-------+-------++-------
Melee: Trident           |   110 |   263 |   187 |       |       ||   560
       Tailslap          |       |       |     8 |       |     7 ||    15
       Spear             |       |       |   101 |       |       ||   101
       Mace              |       |       |   166 |   568 |  1318 ||  2052
Throw: Throwing net      |     2 |     7 |     1 |     3 |     2 ||    15
Invok: Heroism           |       |       |     1 |     3 |    12 ||    16
       Finesse           |       |       |       |       |     6 ||     6
Evoke: Wand              |       |       |     2 |     7 |    33 ||    42
       Phantom mirror    |       |       |       |       |     1 ||     1
       Phial of floods   |       |       |       |       |     3 ||     3
  Use: Scroll            |    13 |     2 |    12 |     7 |    17 ||    51
       Potion            |       |     5 |     1 |     6 |    17 ||    29
 Stab: Sleeping          |     1 |       |       |       |       ||     1
  Eat: Chunk             |       |     2 |     9 |     9 |    13 ||    33
       Pizza             |       |     1 |       |     1 |     1 ||     3
       Meat ration       |       |       |     1 |       |       ||     1
       Bread ration      |       |       |       |     1 |     1 ||     2
       Beef jerky        |       |       |       |       |     3 ||     3
       Royal jelly       |       |       |       |       |     2 ||     2
Armor: Leather armour    |    31 |     3 |       |       |       ||    34
       Scale mail        |       |    15 |   114 |   263 |   323 ||   715
       Plate armour      |       |   123 |    68 |       |       ||   191
       Ring mail         |       |       |    27 |       |       ||    27
Dodge: Dodged            |    53 |    59 |   186 |   408 |  1087 ||  1793
Block: Shield            |    20 |    99 |   275 |   420 |  1100 ||  1914
